 Dungeon Crawl Stone Soup version 0.32-a0-39-g5c88369fb2 (webtiles) character file.

Game seed: 15316337390070052609

3 Ge0ff the Trooper (level 1, 0/18 HPs)
             Began as a Mummy Cinder Acolyte on Jan 30, 2024.
             Was a High Priest of Ignis.
             Constricted to death by a ball python (1 damage)
             ... on level 1 of the Dungeon.
             The game lasted 00:00:22 (40 turns).

Ge0ff the Trooper (Mummy Cinder Acolyte)              Turns: 40, Time: 00:00:22

Health: 0/18       AC:  2    Str: 17    XL:     1   Next: 41%
Magic:  3/3        EV:  8    Int: 13    God:    Ignis [*****.]
Gold:   0          SH:  0    Dex:  7    Spells: 3/3 levels left

rFire   . . .        a - -1 spear (flame)
rCold   + . .        (no shield)
rNeg    + + +        b - +0 robe
rPois   ∞            (no helmet)
rElec   .            (no cloak)
rCorr   .            (no gloves)
SInv    .            (no boots)
Will    .....        (no amulet)
Stlth   +            (no ring)
HPRegen 0.23/turn    (no ring)
MPRegen 0.08/turn

%: faith
@: constricted
A: cold resistance 1, negative energy resistance 3, torment resistance 2, heat
vulnerability 1, in touch with death 1, no potions, faith
a: Renounce Religion, Fiery Armour, Foxfire Swarm, Rising Flame


You were on level 1 of the Dungeon.
You worshipped Ignis.
Ignis was extremely pleased with you.
You visited 1 branch of the dungeon, and saw 1 of its levels.

Inventory:

Hand Weapons
 a - a -1 spear of flaming (weapon)
Armour
 b - a +0 robe (worn)


   Skills:
 - Level 3.0 Fighting
 - Level 2.4 Polearms
 + Level 0.2 Stealth
 + Level 1.5 Spellcasting
 + Level 2.5 Fire Magic


You had 3 spell levels left.
You didn't know any spells.
Your spell library contained the following spells:

 Spells                   Type           Power      Damage    Failure   Level
 Scorch                   Fire           14%        2d5       14%         2


Dungeon Overview and Level Annotations

Branches:
Dungeon (1/15) Zot: 5959

Altars:


Innate Abilities, Weirdness & Mutations

You are immune to poison.
Your flesh is cold resistant. (rC+)
You are immune to negative energy. (rN+++)
You are immune to unholy pain and torment.
You are vulnerable to heat. (rF-)
You are in touch with the powers of death.
You do not drink.
You have a special connection with the divine. (Faith)


Message History

You barely miss the quokka.
The quokka is heavily wounded.
The quokka closely misses you.
You hit the quokka. You burn the quokka.
The quokka is almost dead.
The quokka barely misses you.
You closely miss the quokka.
The quokka is almost dead.
The quokka bites you. x2
You completely miss the quokka.
The quokka is almost dead.
The quokka bites you.
You are too injured to fight recklessly!
You are too injured to fight recklessly!
You are too injured to fight recklessly!
You hit the quokka. You burn the quokka.
You kill the quokka!
The frilled lizard closely misses you.
You see here a quokka corpse.
You miss the frilled lizard. The frilled lizard closely misses you.
You barely miss the frilled lizard.
The frilled lizard bites you but does no damage.
You barely miss the frilled lizard. The frilled lizard closely misses you.
You miss the frilled lizard. The frilled lizard closely misses you.
You closely miss the frilled lizard. The frilled lizard barely misses you.
You puncture the frilled lizard! You burn the frilled lizard.
You kill the frilled lizard!
Things that are here:
a +0 club; a goblin corpse A dart slug comes into view.
A dart slug is nearby!
A ball python comes into view.
The ball python hisses angrily.
The dart slug launches a dart at you. The slug dart hits you.
You hit the dart slug. You burn the dart slug.
The dart slug is moderately wounded.
The dart slug barely misses you.
You barely miss the dart slug.
The dart slug is moderately wounded.
The ball python barely misses you. The ball python grabs you.
The ball python constricts you. The dart slug launches a dart at you.
The slug dart hits you.
* * * LOW HITPOINT WARNING * * *
You hit the dart slug. You burn the dart slug.
The dart slug is heavily wounded.
The ball python completely misses you. The ball python constricts you.
You die...

#.......#
#.......# #
#.......# #.
#..###..#
#..#####..# #..#
#.........# #..#
#.........###..#
#.....wS.......#
#@.....)†#
#........#
#..####..# #..#
#..# #..# #..#
...# #..# ....#
#..# ...... ...#


You could see a dart slug and a ball python.

Vanquished Creatures
  A goblin (D:1)
  A quokka (D:1)
  A frilled lizard (D:1)
3 creatures vanquished.

Notes
Turn   | Place    | Note
-------+----------+-------------------------------------------
     0 | D:1      | Ge0ff the Mummy Cinder Acolyte began the quest for the Orb.
     0 | D:1      | Reached XP level 1. HP: 18/18 MP: 2/2
    40 | D:1      | Constricted to death by a ball python

Illustrated notes

Levels and vault maps discovered:
D:1:      dpeg_arrival_boxorama, layout_basic

Action                     || total
---------------------------++-------
  Melee: Spear             ||    19
 Armour: Robe              ||     8
  Dodge: Dodged            ||    13

Table legend: (Time is in decaauts)
 A = Elapsed time spent in this place.
 B = Non-inter-level travel time spent in this place.
 C = Inter-level travel time spent in this place.
 D = Time resting spent in this place.
 E = Time spent auto-exploring this place.
 F = Levels seen in this place.
 G = Mean time per level.
                   A        B        C        D        E       F      G
               +--------+--------+--------+--------+--------+-----+--------+
         Total |     39 |     39 |      0 |      0 |     11 |   1 |   39.0 |
       Dungeon |     39 |     39 |      0 |      0 |     11 |   1 |   39.0 |
               +--------+--------+--------+--------+--------+-----+--------+

Top non-repeatable levels by time:
     D:1: 39 daAuts
